 Dungeon Crawl Stone Soup version 0.19-a0-812-g33f3bc8 (webtiles) character file.

4836 Implojin the Cleaver (level 10, -7/97 HPs)
             Began as a Minotaur Berserker on June 28, 2016.
             Was a Priest of Trog.
             Killed by Ozocubu's Refrigeration
             ... invoked by Fannar
              (27 damage)
             ... on level 11 of the Dungeon.
             The game lasted 00:13:29 (1933 turns).

Implojin the Cleaver (Minotaur Berserker)           Turns: 1933, Time: 00:13:30

Health: -7/97      AC:  6    Str: 21    XL:     10   Next: 25%
Magic:  9/9        EV: 11    Int:  4    God:    Trog [***...]
Gold:   68         SH:  3    Dex: 14    Spells: 0 memorised, 9 levels left

rFire  . . .     SeeInvis .     u - +1 war axe
rCold  . . .     Gourm    .     j - +0 ring mail
rNeg   . . .     Faith    .     A - +0 buckler
rPois  .         Spirit   .     (helmet restricted)
rElec  .         Dismiss  .     m - +0 cloak
rCorr  .         Reflect  .     (no gloves)
SustAt .         Harm     .     (no boots)
MR     ++...                    (no amulet)
Stlth  +.........               (no ring)
                                (no ring)

@: exhausted, regenerating, very resistant to hostile enchantments, very
unstealthy
A: retaliatory headbutt, horns 2
a: Berserk, Trog's Hand, Burn Spellbooks, Renounce Religion


You were on level 11 of the Dungeon.
You worshipped Trog.
Trog was most pleased with you.
You were near starving.

You visited 1 branch of the dungeon, and saw 12 of its levels.

You collected 162 gold pieces.
You spent 94 gold pieces at shops.

Inventory:

Hand Weapons
 a - a +0 hand axe
 u - a +1 war axe (weapon)
Missiles
 i - 13 tomahawks of returning (quivered)
Armour
 b - a +0 animal skin
 g - a +0 chain mail
 j - a +0 ring mail (worn)
 k - a +0 scale mail
 m - a +0 cloak (worn)
 v - a +0 plate armour
 y - a +0 cloak
 A - a +0 buckler (worn)
Magical Staves
 w - a cursed staff of death {unknown}
Wands
 x - a wand of polymorph (7/24)
Scrolls
 d - a scroll of blinking {unknown}
 e - a scroll of teleportation
 h - a scroll of enchant armour {unknown}
 q - a scroll of fear {unknown}
 s - a scroll of immolation
 t - a scroll of enchant weapon
 B - a scroll of silence {unknown}
Potions
 l - 3 potions of ambrosia
Comestibles
 c - 3 bread rations
 f - a fruit


   Skills:
 - Level 12.0 Fighting
 * Level 13.6 Axes
 - Level 2.4 Armour
 - Level 2.1 Dodging


You had 9 spell levels left.
You didn't know any spells.

Dungeon Overview and Level Annotations

Branches:
Dungeon (14/15)               Orc (0/2) D:12
 Temple: D:4-7         Lair: D:8-11      Vaults: D:13-14

Altars:
Kikubaaqudgha

Shops:
D:9 *=

Annotations:
D:11 Fannar


Innate Abilities, Weirdness & Mutations

You reflexively headbutt those who attack you in melee.
You have a pair of horns on your head.


Message History

* * * LOW HITPOINT WARNING * * *
The ice beast freezes you.
* * * LOW HITPOINT WARNING * * *
Fannar brushes some snowflakes from his robe.
The ice beast hits you but does no damage. x2
Okay, then.
You're too confused!
It was a potion of magic.
Magic courses through your body.
Fannar gestures wildly while chanting.
The ice beast barely misses you. The ice beast hits you.
* * * LOW HITPOINT WARNING * * *
The ice beast freezes you!
* * * LOW HITPOINT WARNING * * *
You're too confused!
You're too confused!
Unknown command.
It was a potion of lignification.
You turn into a tree.
Your +0 cloak melds into your body.
Your +0 ring mail melds into your body.
Your roots penetrate the ground.
The ice beast hits you but does no damage. x4
It was a potion of brilliance.
You feel clever all of a sudden.
You feel less invigorated.
You feel less confused.
The ice beast hits you but does no damage.
The ice beast hits you.
* * * LOW HITPOINT WARNING * * *
The ice beast freezes you.
* * * LOW HITPOINT WARNING * * *
It was a potion of cancellation.
Your magical effects are unravelling.
You feel magically purged.
You feel less woody.
Your +0 cloak unmelds from your body.
Your +0 ring mail unmelds from your body.
You feel yourself speed up.
You feel a little less clever now.
Fannar mumbles some strange words.
Fannar drains the heat from the surrounding environment!
You feel very cold.
You die...

##........#####
###.............#
##...#####.#####.#
#..### #.# #.##
### ###.#########
#####...#.......#
.......><.#####.#
.#..####### #@Y#
#. ######Y## ..
#....eY# #
#...####
#........#
####......#
.........#
......##..#
......e.. ..#


You could see Fannar and 3 ice beasts.

Vanquished Creatures
  A centaur warrior (D:14)
  A hill giant (D:9)
  A troll (D:9)
  7 slime creatures
  2 hungry ghosts
  A hippogriff (D:9)
  An ice beast (D:9)
  4 orc warriors
  An ogre (D:10)
  2 centaurs
  3 phantoms
  3 giant frogs
  A scorpion (D:12)
  3 howler monkeys (D:9)
  A centaur zombie (D:10)
  2 orc wizards (D:9)
  2 centaur skeletons
  2 worker ants (D:7)
  Natasha (D:2)
  An adder (D:12)
  A shadow imp (D:14)
  12 orcs
  A goblin (D:2)
  A hobgoblin (D:1)
  A jackal (D:1)
  2 quokkas
  7 kobolds
  4 rats
69 creatures vanquished.

Notes
Turn   | Place    | Note
--------------------------------------------------------------
     0 | D:1      | Implojin the Minotaur Berserker began the quest for the Orb.
     0 | D:1      | Reached XP level 1. HP: 19/19 MP: 0/0
   137 | D:1      | Reached skill level 4 in Axes
   179 | D:1      | Reached XP level 2. HP: 7/26 MP: 1/1
   235 | D:2      | Noticed Natasha
   239 | D:2      | Killed Natasha
   239 | D:2      | Reached skill level 5 in Axes
   239 | D:2      | Reached XP level 3. HP: 16/31 MP: 2/2
   329 | D:3      | You fall through a shaft for 3 floors!
   338 | D:6      | Noticed a centaur
   346 | D:6      | Killed a centaur
   346 | D:6      | Reached skill level 6 in Axes
   346 | D:6      | Reached XP level 4. HP: 35/39 MP: 3/3
   402 | D:7      | Noticed a centaur
   414 | D:7      | Killed a centaur
   414 | D:7      | Reached ** piety under Trog
   414 | D:7      | Reached skill level 7 in Axes
   414 | D:7      | Reached XP level 5. HP: 45/45 MP: 4/4
   488 | D:7      | Reached skill level 8 in Axes
   488 | D:7      | Reached XP level 6. HP: 43/51 MP: 5/5
   645 | D:9      | Noticed an ice beast
   649 | D:9      | Killed an ice beast
   649 | D:9      | Reached skill level 9 in Axes
   737 | D:9      | Reached XP level 7. HP: 57/57 MP: 6/6
   774 | D:9      | Noticed a hippogriff
   777 | D:9      | Reached skill level 10 in Axes
   787 | D:9      | Killed a hippogriff
   850 | D:9      | Found Zeib's Jewellery Shoppe.
   870 | D:9      | Noticed a slime creature
   881 | D:9      | Killed a slime creature
   881 | D:9      | Reached skill level 11 in Axes
   929 | D:9      | Noticed a hill giant
   938 | D:9      | Killed a hill giant
   938 | D:9      | Reached skill level 12 in Axes
   938 | D:9      | Reached XP level 8. HP: 60/64 MP: 7/7
  1051 | D:9      | Reached skill level 13 in Axes
  1078 | D:9      | Found Litas's Assorted Antiques.
  1082 | D:9      | Bought a war axe for 94 gold pieces
  1103 | D:9      | Reached skill level 4 in Fighting
  1169 | D:10     | Entered Level 10 of the Dungeon
  1245 | D:10     | Reached skill level 5 in Fighting
  1284 | D:10     | Found an ancient bone altar of Kikubaaqudgha.
  1291 | D:9      | Noticed a troll
  1297 | D:9      | Reached skill level 6 in Fighting
  1304 | D:9      | Killed a troll
  1304 | D:9      | Reached skill level 7 in Fighting
  1304 | D:9      | Reached XP level 9. HP: 77/79 MP: 8/8
  1370 | D:11     | Reached skill level 8 in Fighting
  1413 | D:12     | Reached skill level 9 in Fighting
  1414 | D:12     | Reached *** piety under Trog
  1415 | D:12     | Reached skill level 10 in Fighting
  1418 | D:12     | Reached skill level 11 in Fighting
  1789 | D:14     | Noticed a centaur warrior
  1798 | D:14     | Killed a centaur warrior
  1798 | D:14     | Reached skill level 12 in Fighting
  1798 | D:14     | Reached XP level 10. HP: 73/97 MP: 9/9
  1843 | D:12     | Found a staircase to the Orcish Mines.
  1894 | D:11     | Noticed Fannar
  1933 | D:11     | Killed from afar by Fannar

Vault maps used:
D:1:      lightli_arrival_boilingwater, st_stairs_6
D:2:      led_sif_pool, uniq_natasha, uniq_robin
D:3:      ecumenical_altar_2, serial_bayou_pond_c
D:8:      the_bakery, uniq_maurice, uniq_pikel
D:9:      minmay_curly_fans, serial_shops, shop, nicolae_shop_behind_doors, shop
D:10:     basic_altar, st_stairs_9, minmay_guarded_unrand_resistance
D:11:     erik_lair_orcish_takeover, lightli_church_of_beogh, uniq_fannar,
          uniq_josephine
D:12:     wad_woods_structure_01
D:14:     grunt_vaults_entry_tiered, grunt_decor_cap, grunt_ministairs_6,
          minmay_misc_feat_room, dk_noncrumbling_3, uniq_roxanne, uniq_maud

Skill      XL: |  1  2  3  4  5  6  7  8  9 |
---------------+----------------------------+-----
Axes           | 4 5 6 7 8 9 12 13 | 13.6
Fighting       | 7 12 | 12.0
Armour         | |  2.4
Dodging        | |  2.1

Action                   |  1- 3 |  4- 6 |  7- 9 | 10-12 || total
-------------------------+-------+-------+-------+-------++-------
Melee: Hand axe          |    36 |    35 |    58 |       ||   129
       Headbutt          |     1 |     7 |    19 |     8 ||    35
       War axe           |       |       |    74 |    54 ||   128
Throw: Tomahawk          |       |       |     1 |       ||     1
Invok: Berserk           |     3 |     3 |     6 |     1 ||    13
       Burn Spellbooks   |       |       |     2 |       ||     2
       Trog's Hand       |       |       |       |     1 ||     1
  Use: Scroll            |       |       |     3 |       ||     3
       Potion            |       |       |       |     5 ||     5
  Eat: Chunk             |       |     4 |     9 |       ||    13
       Fruit             |       |     2 |       |     3 ||     5
       Meat ration       |       |       |       |     1 ||     1
Armor: Chain mail        |    13 |       |       |       ||    13
       Animal skin       |     2 |       |       |       ||     2
       Scale mail        |     1 |     6 |    11 |       ||    18
       Ring mail         |       |       |    12 |    15 ||    27
       Skin              |       |       |       |     5 ||     5
Dodge: Dodged            |    17 |    20 |    48 |    16 ||   101
Block: Buckler           |       |       |     1 |     3 ||     4

Table legend:
 A = Turns spent in this place as a percentage of turns spent in the entire game.
 B = Non-inter-level travel turns spent in this place as a percentage of non-inter-level travel turns spent in the entire game.
 C = Inter-level travel turns spent in this place as a percentage of turns spent in this place.
 D = Turns resting spent in this place as a percentage of non-inter-level travel turns spent in this place.
 E = Turns spent auto-exploring this place as a percentage of non-inter-level travel turns spent in this place.
 F = Non-inter-level travel turns spent in this place divided by the number of levels of this place that you've seen.
                   A       B       C       D       E      F
               +-------+-------+-------+-------+-------+----------------------
         Total | 100.0 | 100.0 |   0.0 |   2.1 |   0.0 | 116.8
       Dungeon | 100.0 | 100.0 |   0.0 |   2.1 |   0.0 | 116.8
               +-------+-------+-------+-------+-------+----------------------

Table legend:
 A = Kills in this place as a percentage of kills in entire the game.
 B = Kills by you in this place as a percentage of kills by you in the entire game.
 C = Kills by friends in this place as a percentage of kills by friends in the entire game.
 D = Other kills in this place as a percentage of other kills in the entire game.
 E = Experience gained in this place as a percentage of experience gained in the entire game.
 F = Experience gained in this place divided by the number of levels of this place that you have seen.
                   A       B       C       D       E      F
               +-------+-------+-------+-------+-------+----------------------
         Total | 100.0 | 100.0 |  -nan |  -nan | 100.0 | 575.8
       Dungeon | 100.0 | 100.0 |  -nan |  -nan | 100.0 | 575.8
               +-------+-------+-------+-------+-------+----------------------
